 Dungeon Crawl Stone Soup version 0.23.2-33-g5129a83 (webtiles) character file.

Game seed: 7034980654726957339

2702 technought the Slasher (level 9, -2/82 HPs)
             Began as a Gargoyle Fighter on Aug 6, 2019.
             Was a Priest of Qazlal.
             Slain by an orc warrior
             ... wielding a +0 glaive
              (11 damage)
             ... on level 8 of the Dungeon.
             The game lasted 00:19:05 (5218 turns).

technought the Slasher (Gargoyle Fighter)           Turns: 5218, Time: 00:19:07

Health: -2/82      AC: 24    Str: 24    XL:     9   Next: 65%
Magic:  9/9        EV:  2    Int: 13    God:    Qazlal [***...]
Gold:   476        SH: 15    Dex:  9    Spells: 8/8 levels left

rFire    x . .     SeeInvis .   d - +5 falchion
rCold    + . .     Gourm    .   c - +0 shield
rNeg     + + +     Faith    +   (armour currently unavailable)
rPois    ∞         Spirit   .   (helmet currently unavailable)
rElec    .         Reflect  .   (cloak currently unavailable)
rCorr    +         Harm     .   (gloves currently unavailable)
MR       .....     NoTele   +   (boots currently unavailable)
Stlth    +.........             j - amulet of faith
HPRegen  0.23/turn              x - ring of ice
MPRegen  0.11/turn              l - ring of resist corrosion

@: brilliant, tree-form
A: negative energy resistance 1, petrification resistance, rot immunity, AC +6
a: Upheaval, Elemental Force, Renounce Religion


You were on level 8 of the Dungeon.
You worshipped Qazlal.
Qazlal was most pleased with you.
You were not hungry.
You were a tree.
You visited 1 branch of the dungeon, and saw 8 of its levels.

You collected 476 gold pieces.

Inventory:

Hand Weapons
 d - a +5 falchion (weapon)
Armour
 b - a +1 scale mail (melded)
 c - a +0 shield (worn)
Jewellery
 a - an uncursed ring of protection from cold
 g - an uncursed ring of protection from fire
 j - an amulet of faith (around neck)
 k - a +4 ring of intelligence
 l - a ring of resist corrosion (right branch)
 u - an uncursed ring of positive energy
 x - a ring of ice (left branch)
 y - an uncursed ring of magical power
Wands
 e - a wand of digging (4)
 f - a wand of scattershot (1)
 h - a wand of enslavement (4)
 n - a wand of flame (49)
 w - a wand of clouds (6)
Scrolls
 i - 7 scrolls of identify
 q - a scroll of blinking
 t - 2 scrolls of teleportation
 v - 2 scrolls of random uselessness
Potions
 o - 2 potions of brilliance
 p - 3 potions of curing
 r - a potion of ambrosia
 s - 2 potions of lignification
Comestibles
 m - 3 rations


   Skills:
 + Level 6.2 Fighting
 + Level 7.6 Long Blades
 + Level 6.1 Armour
 + Level 3.4 Dodging
 + Level 0.3 Stealth
 + Level 7.1 Shields
 + Level 0.6 Evocations


You had 8 spell levels left.
You didn't know any spells.
Your spell library contained the following spells:

 Spells                   Type           Power        Failure   Level  Hunger
 Magic Dart               Conj           #...         10%         1    ##.....
 Blink                    Tloc           N/A          13%         2    ###....
 Call Imp                 Summ           #.......     13%         2    ###....
 Slow                     Hex            #.......     13%         2    ###....
 Conjure Flame            Conj/Fire      #.......     24%         3    ####...
 Mephitic Cloud           Conj/Pois/Air  #.......     24%         3    ####...


Dungeon Overview and Level Annotations

Branches:
Dungeon (8/15)             Temple (0/1) D:5
   Lair: D:8-11

Altars:
Ashenzari
Nemelex Xobeh
Qazlal
Sif Muna

Shops:
D:4 (

Portals:
Bailey: D:7


Innate Abilities, Weirdness & Mutations

You are resistant to torment.
((Your stone body is resilient. (AC +6)))
You are immune to poison.
You resist negative energy. (rN+)
((You are resistant to electric shocks. (rElec)))
((You can survive without breathing.))
You are immune to petrification.
You are immune to rotting.


Message History

You block the killer bee's attack. x2
The orc warrior hits you but does no damage.
The orc priest hits you.
* * * LOW HITPOINT WARNING * * *
You hit the orc priest but do no damage.
The orc priest is lightly wounded.
You hear an angry buzzing noise.
You hear a bark!
You block the killer bee's attack. x2
The killer bee stings you but does no damage. x2
The orc priest is engulfed in blazing flames.
The orc priest hits you.
* * * LOW HITPOINT WARNING * * *
You hit the orc priest.
You kill the orc priest!
Qazlal accepts your kill.
You hear an angry buzzing noise.
A killer bee comes into view.
The killer bee barely misses you. You block the killer bee's attack.
The orc warrior hits you from afar with a +0 glaive!
You die...

#..........## y.
##.........##
#.###.........##
#o...........##
###.......#(.##
#.........(###
.....o..)..#
......†yy..#
......○♣)..#
#.....5.§..#
##..........#
#.............
#.##....##.....
# ##...# ##.../
##### ...< ..


You could see an orc warrior, 3 killer bees, a crimson imp and an orc.

Vanquished Creatures
  A hungry ghost (D:3)
  Edmund (D:4)
  2 ice beasts (D:5)
  2 sky beasts
  3 ogres
  A phantom (D:6)
  5 centaurs
  3 bullfrogs
  2 scorpions
  A killer bee (D:8)
  2 howler monkeys (D:5)
  A bullfrog zombie (D:5)
  A crimson imp (D:5)
  2 jellies
  2 centaur skeletons
  An orc priest (D:8)
  A quasit (D:7)
  2 orc wizards (D:3)
  2 bullfrog skeletons (D:7)
  Jessica (D:2)
  Terence (D:2)
  An iguana (D:4)
  5 worker ants
  Ijyb (D:3)
  Natasha (thrice) (D:4)
  Robin (D:4)
  5 gnolls
  11 adders
  3 shadow imps
  2 adder skeletons (D:4)
  3 worms
  2 dart slugs
  3 leopard geckos
  9 orcs
  8 bats
  4 giant cockroaches
  25 goblins
  10 hobgoblins
  6 jackals
  9 kobolds
  3 quokkas
  A ball python (D:4)
  5 frilled lizards
  A jackal skeleton (D:5)
  2 leopard gecko skeletons
  5 rats
165 creatures vanquished.

Notes
Turn   | Place    | Note
-------+----------+-------------------------------------------
     0 | D:1      | technought the Gargoyle Fighter began the quest for the
                  | Orb.
     0 | D:1      | Reached XP level 1. HP: 14/14 MP: 1/1
    80 | D:1      | Reached XP level 2. HP: 16/19 MP: 2/2
   302 | D:1      | Found a sparkling altar of Nemelex Xobeh.
   434 | D:1      | Reached XP level 3. HP: 18/23 MP: 3/3
   676 | D:2      | Noticed Terence
   693 | D:2      | Killed Terence
   693 | D:2      | Reached XP level 4. HP: 23/29 MP: 4/4
   831 | D:2      | Noticed Jessica
   866 | D:2      | Killed Jessica
   866 | D:2      | Reached XP level 5. HP: 24/33 MP: 5/5
  1207 | D:2      | Found a stormy altar of Qazlal.
  1212 | D:2      | Became a worshipper of Qazlal Stormbringer
  1469 | D:3      | Reached XP level 6. HP: 18/38 MP: 6/6
  1567 | D:3      | Noticed a hungry ghost
  1598 | D:3      | Killed a hungry ghost
  1598 | D:3      | Reached skill level 1 in Dodging
  1650 | D:3      | Noticed Ijyb
  1672 | D:3      | Killed Ijyb
  1906 | D:3      | Reached * piety under Qazlal
  1922 | D:3      | Reached XP level 7. HP: 41/43 MP: 7/7
  2149 | D:4      | Noticed Natasha
  2274 | D:4      | Noticed Robin
  2292 | D:4      | Reached skill level 5 in Shields
  2294 | D:4      | Killed Robin
  2521 | D:4      | Killed Natasha
  2533 | D:4      | Noticed Natasha
  2543 | D:4      | Killed Natasha
  2565 | D:4      | Noticed Edmund
  2590 | D:4      | Killed Edmund
  2590 | D:4      | Reached ** piety under Qazlal
  2590 | D:4      | Reached skill level 5 in Armour
  2737 | D:4      | Reached skill level 5 in Long Blades
  2799 | D:4      | Reached XP level 8. HP: 30/48 MP: 8/8
  2810 | D:4      | Found Jugau's Antique Weapon Emporium.
  2893 | D:4      | Noticed Natasha
  2898 | D:4      | Killed Natasha
  2986 | D:5      | Entered Level 5 of the Dungeon
  3007 | D:5      | Found a staircase to the Ecumenical Temple.
  3254 | D:5      | Found a deep blue altar of Sif Muna.
  3266 | D:5      | Found a shattered altar of Ashenzari.
  3470 | D:5      | Reached skill level 5 in Fighting
  4070 | D:6      | Reached XP level 9. HP: 51/54 MP: 9/9
  4079 | D:6      | Reached *** piety under Qazlal
  4833 | D:7      | Found a flagged portal.
  5218 | D:8      | Slain by an orc warrior

Skill      XL: |  1  2  3  4  5  6  7  8  9 |
---------------+----------------------------+-----
Long Blades    | 2 3 4 5 6 7 |  7.6
Shields        | 4 5 6 7 |  7.1
Armour         | 4 5 6 |  6.1
Fighting       | 4 5 6 |  6.2
Dodging        | 1 2 3 |  3.4
Stealth        | |  0.3
Evocations     | |  0.6

Action                   |  1- 3 |  4- 6 |  7- 9 || total
-------------------------+-------+-------+-------++-------
Melee: Long sword        |   106 |     4 |       ||   110
       Falchion          |       |   190 |   335 ||   525
Evoke: Wand              |       |       |     7 ||     7
  Use: Scroll            |     3 |     4 |    12 ||    19
       Potion            |     5 |     2 |     6 ||    13
  Eat: Ration            |       |     3 |     3 ||     6
       Chunk             |       |     3 |     1 ||     4
Armor: Scale mail        |    76 |    81 |   159 ||   316
       Skin              |       |       |    21 ||    21
Dodge: Dodged            |    34 |    62 |   114 ||   210
Block: Shield            |    67 |    96 |   261 ||   424
       Rpst.: Long sword |    12 |     2 |       ||    14
       Falchion          |       |    16 |    24 ||    40
